 Dungeon Crawl Stone Soup version 0.29.0-7-g18a832c13a (webtiles) character file.

Game seed: 13156299337872754970

2 Relic the Slasher (level 1, 0/18 HPs)
             Began as a Human Cinder Acolyte on Aug 30, 2022.
             Was a High Priest of Ignis.
             Slain by a frilled lizard (2 damage)
             ... on level 1 of the Dungeon.
             The game lasted 00:01:56 (60 turns).

Relic the Slasher (Human Cinder Acolyte)              Turns: 60, Time: 00:01:56

Health: 0/18       AC:  6    Str: 14    XL:     1   Next: 44%
Magic:  2/2        EV: 11    Int: 14    God:    Ignis [*****.]
Gold:   5          SH:  0    Dex:  8    Spells: 2/2 levels left

rFire   + . .      SeeInvis .   a - -1 falchion (flame)
rCold   . . .      Faith    .   (no shield)
rNeg    . . .      Spirit   .   b - +0 robe
rPois   .          Reflect  .   (no helmet)
rElec   .          Harm     .   (no cloak)
rCorr   .          Rampage  .   (no gloves)
Will    .....                   (no boots)
Stlth   +.........              (no amulet)
HPRegen 0.06/turn               c - +4 ring of protection
MPRegen 0.08/turn               (no ring)

@: brilliant
A: no striking features
a: Renounce Religion, Fiery Armour, Foxfire Swarm, Rising Flame


You were on level 1 of the Dungeon.
You worshipped Ignis.
Ignis was extremely pleased with you.
You visited 1 branch of the dungeon, and saw 1 of its levels.

You collected 5 gold pieces.

Inventory:

Hand Weapons
 a - a -1 falchion of flaming (weapon)
Armour
 b - a +0 robe (worn)
Jewellery
 c - a +4 ring of protection (left hand)


   Skills:
 + Level 3.0 Fighting
 + Level 3.1 Long Blades
 + Level 1.0 Spellcasting
 + Level 3.0 Fire Magic


You had 2 spell levels left.
You didn't know any spells.
Your spell library contained the following spells:

 Spells                   Type           Power      Damage    Failure   Level
 Scorch                   Fire           26%        2d6       12%         2


Dungeon Overview and Level Annotations

Branches:
Dungeon (1/15)

Altars:


Message History

You kill the bat!
The hobgoblin shouts!
Found 10 gold pieces.
The frilled lizard bites you but does no damage.
The frilled lizard attacks as you move away!
The frilled lizard bites you.
The frilled lizard hisses.
You closely miss the rat. The rat closely misses you.
You closely miss the rat. The rat barely misses you.
You closely miss the rat. The rat bites you but does no damage.
The rat closely misses you.
You closely miss the rat. The rat bites you.
* * * LOW HITPOINT WARNING * * *
You closely miss the rat. The rat barely misses you.
It was a potion of brilliance.
You feel clever all of a sudden. The rat closely misses you.
You hit the rat. You burn the rat.
The rat is severely wounded.
The rat barely misses you.
You slash the rat! You burn the rat.
You kill the rat!
Found 7 gold pieces.
This is a scroll of acquirement!
Something appears at your feet! The hobgoblin misses you.
c - a +4 ring of protection The hobgoblin closely misses you.
Okay, then.
c - a +4 ring of protection (left hand)
The hobgoblin hits you.
* * * LOW HITPOINT WARNING * * *
You hit the hobgoblin but do no damage. The hobgoblin barely misses you.
You hit the hobgoblin but do no damage.
The hobgoblin hits you but does no damage.
You slash the hobgoblin! You burn the hobgoblin.
You kill the hobgoblin!
You completely miss the frilled lizard. The frilled lizard bites you.
* * * LOW HITPOINT WARNING * * *
The frilled lizard bites you.
You die...

###....$#
.........$
........>.
.........?
......r...
#.#.....#
##########.#.##.)#
$......@lr.......#
#.#.######.#..#..#
.........#.##..#
~P.P~~P.......[#
≈~.~~~~.#..##.##
≈~.~≈≈~....#
#.~~~~.~~~~..#.#
#.≈~~~.~~~~.##.#
#.~~~~.~~~~.#..#


You could see a frilled lizard and a rat.

Vanquished Creatures
  A hobgoblin (D:1)
  A bat (D:1)
  A rat (D:1)
3 creatures vanquished.

Notes
Turn   | Place    | Note
-------+----------+-------------------------------------------
     0 | D:1      | Relic the Human Cinder Acolyte began the quest for the Orb.
     0 | D:1      | Reached XP level 1. HP: 18/18 MP: 2/2
    54 | D:1      | Identified a scroll of acquirement
    54 | D:1      | Acquired a +4 ring of protection
    60 | D:1      | Slain by a frilled lizard

Illustrated notes

Levels and vault maps discovered:
D:1:      giann_bridges, layout_basic, minmay_misc_feat_encased

Action                   || total
-------------------------++-------
Melee: Falchion          ||    21
       Punch             ||     1
  Use: Scroll            ||     1
       Potion            ||     1
Armor: Robe              ||     8
Dodge: Dodged            ||    26
